[Event "4NCL 2022-2023"]
[Site "Daventry"]
[Date "2023.02.11"]
[Round "5.18"]
[White "Cooper, John G"]
[Black "Makkar, Rajat"]
[Result "1-0"]
[ECO "E47"]
[WhiteElo "2243"]
[BlackElo "2426"]
[Annotator "TA"]
[PlyCount "55"]
[EventDate "2022.10.20"]
[EventType "team-tourn"]
[EventCountry "ENG"]
[SourceTitle "playchess.com"]
[Source "ChessBase"]
[SourceQuality "1"]
[TimeControl "40/6000+30:2400+30"]

1. d4 Nf6 2. c4 e6 3. Nc3 Bb4 4. e3 O-O 5. Bd3 b6 6. Nge2 {[%emt 0:06:01] E47: Nimzo-Indian: Rubinstein: 5 Bd3 without ...d5.} c5 {[%emt 0:11:14] [#]} 7. d5 $1 {[%emt 0:11:01] [#]} Bb7 $146 (7... exd5 8. cxd5) ({Predecessor:} 7... b5 8. dxe6 fxe6 9. cxb5 d5 10. O-O a6 11. Bd2 Nbd7 12. bxa6 Ne5 13. Bb5 Bxa6 14. Bxa6 Rxa6 {1-0 Sarana,A (2675)-Durarbayli,V (2638) Chess.com Rapid Wk14 Swiss 2022 (6)}) 8. e4 {[%emt 0:10:58] White is better.} b5 9. O-O (9. cxb5 exd5 10. exd5 d6 $14) 9... exd5 (9... bxc4 $142 10. Bxc4 Re8) 10. cxd5 $16 (10. Nxd5 d6 $16) (10. exd5 $6 bxc4 11. Bxc4 d6 $11) 10... c4 11. Bc2 Re8 12. Ng3 (12. Nxb5 Nxe4 13. Bxe4 Rxe4 $16) 12... Qb6 (12... a6 $16) 13. Bg5 {[%emt 0:22:55] Strongly threatening a4.} Na6 (13... h6 $16) 14. Qf3 Be7 15. e5 (15. Rae1 $18) 15... Nxd5 16. Nxd5 Bxd5 17. Qxd5 $40 {[%emt 0:00:08][%mdl 128] Black is in trouble.} Nb4 18. Qd2 (18. Qxd7 Bxg5 19. Be4 Rab8 $14) 18... Nxc2 {[%emt 0:02:30] [#]} (18... Bxg5 {is a better defense.} 19. Qxb4 (19. Bxh7+ Kxh7 20. Qxg5 Qg6 $11) 19... Rxe5) 19. Bxe7 $1 $18 (19. Nf5 Bxg5 20. Qxg5 Qg6 21. Ne7+ Rxe7 22. Qxe7 Nxa1 23. Rxa1 Qd3 $17) 19... Nxa1 20. Bd6 Re6 21. Rxa1 f6 22. Nf5 {[%emt 0:03:03] aiming for exf6.} (22. Qd5 Rae8 23. Rd1 fxe5 24. Bxe5 Rf8 $18) 22... fxe5 {[%emt 0:06:07] Black is weak on the dark squares} 23. Qg5 ({Less strong is} 23. Qd5 Rae8 24. Bxe5 Qc6 25. Qxc6 Rxc6 $16) 23... g6 24. Nh6+ Kg7 {[%emt 0:00:10] [#]} 25. Rd1 ({Worse is} 25. Bxe5+ Rxe5 26. Qxe5+ Kxh6 $11) 25... Rae8 $2 {[%emt 0:11:17] [#]} (25... Qd8 26. Bxe5+ Rxe5 27. Qxe5+ Kxh6) 26. Bxe5+ $1 {[%emt 0:02:13][%mdl 576] Discovered Attack} Rxe5 27. Rxd7+ R8e7 28. Qxe5+ {[%emt 0:00:50] An entertaining game by Cooper.   Weighted Error Value: White=0.19 (very precise) /Black=0.48} 1-0

[Event "4NCL 2022-2023"]
[Site "Daventry"]
[Date "2023.02.11"]
[Round "5.19"]
[White "Moreby, James"]
[Black "Redmond, John P."]
[Result "1-0"]
[ECO "C07"]
[WhiteElo "2353"]
[BlackElo "2196"]
[Annotator "TA"]
[PlyCount "77"]
[EventDate "2022.10.20"]
[EventType "team-tourn"]
[EventCountry "ENG"]
[SourceTitle "playchess.com"]
[Source "ChessBase"]
[SourceQuality "1"]
[TimeControl "40/6000+30:2400+30"]

1. e4 e6 2. d4 d5 3. Nd2 c5 4. exd5 Qxd5 5. Ngf3 cxd4 6. Bc4 Qd6 7. O-O Nf6 8. Nb3 Nc6 9. Nbxd4 Nxd4 10. Nxd4 Be7 11. c3 O-O 12. Qf3 Qc7 13. Bb3 Bd7 14. Bf4 {[%emt 0:12:47] C07: French Tarrasch: 3...c5, 4 Ngf3 and 4 exd5 Qxd5.} Bd6 15. Bxd6 Qxd6 16. Qxb7 {[%emt 0:06:55] White is slightly better.} e5 (16... a5 $14) 17. Nc2 {[%emt 0:04:42] White has more active pieces. The black rooks are badly placed.} Rfb8 18. Qf3 {[%emt 0:02:22] [#]} a5 $146 ({Predecessor:} 18... Bc6 19. Rad1 Qc7 20. Qe2 a5 21. Ne3 Qb7 22. Rd6 Rc8 23. Rxf6 gxf6 24. Qg4+ Kh8 25. Qh4 Be4 26. Bd5 Bxd5 27. Qxf6+ Kg8 28. Nf5 Kf8 29. Qh8# {1-0 Kung,T (2150)-Tsay,V (2221) Dallas Fall op 2017 (9)}) 19. Rfd1 Qc7 {[%emt 0:00:50] Threatens to win with ...Bg4.} 20. Ne3 {[%emt 0:01:06] Repels Bg4. aiming for Nd5.} Bc6 21. Nd5 Bxd5 22. Bxd5 Ra6 23. b3 Rd6 {[%emt 0:03:03] [#]} 24. Bc4 $1 Rbd8 25. Rxd6 Qxd6 {[%emt 0:00:11] [#]} 26. Qb7 $1 Rd7 (26... Qd7 $16 {was worth a try.} 27. Qxd7 Rxd7) 27. Qa8+ $18 Rd8 28. Qxa5 Ne4 29. Qa7 Nxc3 30. Qxf7+ Kh8 {[%emt 0:00:02][%cal Od6d1] ( -> ...Qd1+!)} 31. Qh5 {[%emt 0:00:27] Prevents Qd1+.} Qd4 32. Re1 Rf8 33. Qxe5 (33. Rxe5 $2 {gets mated.} Qxf2+ 34. Kh1 Qf1+ 35. Bxf1 Rxf1#) 33... Qxf2+ (33... Qxe5 $142 34. Rxe5 Nxa2) 34. Kh1 Nxa2 35. Qa5 {[%emt 0:03:09] Against Nb4} Qb2 36. Qc5 Qf6 37. h3 {[%emt 0:00:14] Rf1 is the strong threat. Black is weak on the light squares} Qd8 38. Re7 Qb8 (38... Re8 $18) 39. Qg5 {[%emt 0:01:06] White took control after the opening.   Weighted Error Value: White=0.10 (very precise) /Black=0.52} 1-0

[Event "4NCL 2022-2023"]
[Site "Daventry"]
[Date "2023.02.11"]
[Round "5.20"]
[White "Macfarlane, Donald"]
[Black "Dong, Bao Nghia"]
[Result "1-0"]
[ECO "A13"]
[WhiteElo "2145"]
[BlackElo "2361"]
[Annotator "TA"]
[PlyCount "111"]
[EventDate "2022.10.20"]
[EventType "team-tourn"]
[EventCountry "ENG"]
[SourceTitle "playchess.com"]
[Source "ChessBase"]
[SourceQuality "1"]
[TimeControl "40/6000+30:2400+30"]

1. c4 e6 2. Nc3 d5 3. cxd5 exd5 4. d4 g6 5. Nf3 Bg7 6. Bg5 {[%emt 0:09:40] A13: English Opening: 1...e6.} f6 7. Bf4 Ne7 {[%emt 0:00:31] [#]} 8. Nb5 $146 {[%emt 0:12:22] White is better.} ({Predecessor:} 8. e3 O-O 9. Be2 Bf5 10. Qb3 b6 11. O-O c6 12. Rac1 Nd7 13. Ba6 b5 14. Bb7 {1-0 Batsiashvili,N-Mzhavia,N GEO-ch U16 Girls 2002 (1)}) 8... Na6 9. Rc1 c6 10. Nd6+ Kf8 11. h4 {[%emt 0:11:41] White is much more active. The black rooks are badly placed.} h5 12. e4 (12. e3 $16) 12... dxe4 $1 $11 13. Nxe4 Bf5 (13... Nd5 $5 14. Bd2 (14. Bd6+ Kg8 $17) 14... Nab4 $15) 14. Nd6 Nd5 15. Nxf5 $1 Nxf4 16. Bxa6 (16. Ne3 $11) 16... gxf5 (16... Qa5+ $1 $17 17. Rc3 (17. Qd2 Re8+ 18. Kd1 Qxa6 $17) 17... Qxa6) 17. Bd3 Qa5+ 18. Kf1 Qxa2 (18... Nxd3 $1 $11 {remains equal.} 19. Qxd3 Qxa2) 19. g3 (19. Bc4 {looks sharper.} Qa5 20. Qb3 Rb8 21. g3) 19... Nxd3 20. Qxd3 f4 (20... Qxb2 $2 21. Rb1 Qa2 22. Rxb7 $18) 21. gxf4 Re8 (21... Qxb2 $2 22. Rb1 Qa2 23. Rxb7 $18) 22. Rg1 Bh6 (22... Qxb2 $2 23. Rb1 $18) (22... Rg8 $16) 23. Rg6 $1 $18 Bg7 {[%emt 0:18:39] [#]} (23... Qf7 $16 {is a better defense.}) 24. d5 $2 Qxd5 $14 (24... Qxb2 $2 25. Rb1 $18) 25. Qxd5 cxd5 26. Rc7 Rg8 27. Rxb7 Re7 28. Rb5 $36 {[%emt 0:00:26][%mdl 2048] White has good play.} Kf7 29. f5 Rd7 (29... Bf8 $11 {keeps the balance.}) 30. Nd4 $16 {[%emt 0:01:22] Threatens to win with Ne6.} Bf8 $2 (30... Re8 $14) 31. Rxg8 $2 (31. Rb8 $18 {is the precise move to win.}) 31... Kxg8 $18 {[%emt 0:00:02][%mdl 4096] Endgame KRB-KRN} 32. Ne6 Kf7 33. Rb8 (33. Ke2 $16) 33... Bh6 $2 (33... Be7 $14) 34. Rh8 Bg7 35. Rb8 ({Worse is} 35. Rxh5 Kg8 $11) ({Better is} 35. Rc8 $18) 35... d4 $2 (35... Bh6 $1 $11 {and Black has nothing to worry.}) 36. Ke2 d3+ {[%emt 0:02:08] [#]} 37. Kd2 (37. Kd1 $1 $18) 37... Bh6+ $1 $14 38. f4 {[%emt 0:00:17] And now Rh8 would win.} Bg7 {[%emt 0:07:25][%mdl 8192] Against Rh8. White now steadily converts the win.} (38... Rd5 $14) 39. b4 $18 {[%emt 0:01:38] White is clearly winning.} Bh6 40. Rh8 Rd5 41. Rh7+ {[%emt 0:00:00][%mdl 64] Skewer} Kg8 42. Rxh6 Rxf5 43. Kxd3 {[%emt 0:00:11] KRN-KR} Kf7 44. Nd4 Rxf4 45. Rxh5 Kg6 46. Rh8 Rf1 47. b5 {[%emt 0:03:10] Strongly threatening Ra8.} Rd1+ 48. Kc4 Rc1+ 49. Kd5 {[%emt 0:00:07] Hoping for Ra8.} Rc7 50. Nc6 Rb7 51. Kc5 f5 52. Rf8 Rc7 53. Re8 Kf6 54. Kd6 Rb7 55. Re6+ Kg7 56. Re7+ {[%emt 0:01:13] Weighted Error Value: White=0.52/Black=0.75} 1-0

[Event "4NCL 2022-2023"]
[Site "Daventry"]
[Date "2023.02.11"]
[Round "5.21"]
[White "Roberson, Peter T"]
[Black "Kett, Tim"]
[Result "1-0"]
[ECO "C77"]
[WhiteElo "2426"]
[BlackElo "2130"]
[Annotator "TA"]
[PlyCount "80"]
[EventDate "2022.10.20"]
[EventType "team-tourn"]
[EventCountry "ENG"]
[SourceTitle "playchess.com"]
[Source "ChessBase"]
[SourceQuality "1"]
[TimeControl "40/6000+30:2400+30"]

1. e4 e5 2. Nf3 Nc6 3. Bb5 a6 4. Ba4 Nf6 5. d3 d6 6. c3 g6 7. O-O Bg7 8. Re1 Bd7 {[%emt 0:08:25] C77: Ruy Lopez: 3...a6 4 Ba4 Nf6, unusual lines.} 9. h3 O-O 10. Bc2 {[%emt 0:00:04] [#]} Nh5 $146 {[%emt 0:07:46] White has an edge.} ({Predecessor:} 10... h6 11. d4 Nh5 12. Be3 Qe7 13. Nbd2 Nd8 14. Bd3 Ne6 15. Bf1 Rad8 16. a4 Be8 {½-½ Harika,D (2511)-Batsiashvili,N (2484) FIDE Grand Swiss (Women) 2021 (6)}) 11. b4 Qe7 12. Nbd2 Kh8 13. a4 Rae8 ({Black should try} 13... f5 $11) 14. Nc4 b5 15. Ne3 f5 16. axb5 axb5 17. Nd5 $36 {[%emt 0:07:36][%csl LRc7,LRe7][%mdl 2048] White has good play.} Qd8 18. Bg5 Qc8 19. exf5 Bxf5 20. Nd2 (20. Bb3 {simplifies} Qd7 21. Ra6 Be6 22. Be3) 20... Bxh3 {[%emt 0:07:13][%mdl 64] Demolition} 21. gxh3 {[%emt 0:06:24] aiming for Qg4.} Qxh3 {[%emt 0:06:12] [#]} (21... Qf5 22. Ne4 Nf4 23. Ne3 (23. Nxc7 $2 Nxh3+ 24. Kh1 Nxg5 $17) (23. Bxf4 exf4 24. d4 f3 $15) 23... Qxh3 24. Bb3 $16) (21... h6 $14) 22. Re3 $1 $18 (22. Nxc7 $2 Rxf2 23. Kxf2 Qg3+ 24. Kf1 (24. Ke2 Nf4+ 25. Bxf4 Qg2+ 26. Ke3 exf4+ {[%mdl 64] Discovered Attack (Double check)} 27. Kxf4 Bh6#) 24... Rf8+ $19) 22... Qf5 (22... Qd7 $142 23. Ne4 h6) 23. Ne4 Nf4 24. Nxc7 d5 {[%emt 0:01:17] And now ...Rc8 would win.} 25. Nxe8 dxe4 26. Bxf4 (26. dxe4 $2 Qxg5+ 27. Rg3 Nh3+ 28. Kh1 (28. Kh2 Rxf2+ 29. Kh1 Qxg3) 28... Nxf2+ 29. Kg2 Qxg3+ 30. Kxg3 Nxd1 31. Nxg7 Nxc3 $19) (26. Bh4 $18 Nh3+ {[%mdl 64] Discovered Attack} 27. Kg2 (27. Kh2 Nxf2 28. Qe2 Qf4+ 29. Kg2 Qxh4 $17) 27... Nf4+ 28. Kh2 Rxe8 29. dxe4 (29. Rxe4 $2 Qh3+ 30. Kg1 Qg2#)) 26... exf4 $11 27. Rxe4 Bxc3 {[%emt 0:06:10] [#] White must now prevent ...Qg5+.} 28. Ra3 Bxb4 (28... Bb2 $11 29. Ra2 (29. Ra6 $2 Qg5+ 30. Kh1 Qh6+ 31. Kg2 f3+ $19) 29... Bc3) 29. Qa1+ $18 Ne5 30. Qxe5+ $2 ({Worse is} 30. Rxe5 Qg4+ 31. Kh2 Qh4+ 32. Kg1 Qg4+ 33. Kh2 Qh4+ 34. Kg1 Qg4+ $11) (30. Rxb4 Qg4+ 31. Kf1 Rxe8 32. Re4 Qh3+ 33. Ke2 Qf3+ 34. Ke1 Qh1+ 35. Kd2 Qxa1 36. Rxa1) 30... Qxe5 31. Rxe5 {[%emt 0:00:02] White wants to mate with Ra7.} Bxa3 32. Re6 {[%emt 0:01:07] Threatens to win with d4.} Rf5 33. Ra6 Bc5 (33... Rg5+ {might work better.} 34. Kf1 Rc5 35. Rxa3 Rc8) 34. Kf1 (34. d4 $142 Rf8 35. Nc7) 34... f3 35. Ra8 ({Not} 35. d4 Rh5 36. Kg1 (36. dxc5 $2 Rh1#) 36... Rg5+ 37. Kh2 Bxd4 $11) 35... Re5 (35... Rf8 $16 {was necessary.} 36. Nc7 Rxa8 37. Nxa8 g5) 36. Nf6+ Kg7 {[%emt 0:00:03] ...Re2 is the strong threat.} 37. Ne4 Rh5 38. Kg1 {[%emt 0:00:01] Inhibits Rh1+.} Bd4 39. Bd1 Rf5 40. Rd8 Bb6 {[%emt 0:00:00] Weighted Error Value: White=0.55/Black=0.51} 1-0

[Event "4NCL 2022-2023"]
[Site "Daventry"]
[Date "2023.02.11"]
[Round "5.22"]
[White "Southcott-Moyers, Indy"]
[Black "Rendle, Thomas E"]
[Result "0-1"]
[ECO "A90"]
[WhiteElo "2077"]
[BlackElo "2380"]
[Annotator "TA"]
[PlyCount "78"]
[EventDate "2022.10.20"]
[EventType "team-tourn"]
[EventCountry "ENG"]
[SourceTitle "playchess.com"]
[Source "ChessBase"]
[SourceQuality "1"]
[TimeControl "40/6000+30:2400+30"]

1. d4 e6 2. c4 f5 3. Nf3 Nf6 4. g3 d5 5. Bg2 c6 6. O-O Bd6 7. Nc3 O-O 8. Qc2 Qe7 9. c5 {[%emt 0:10:49] A90: Dutch Defence: Miscellaneous and Modern Stonewall (with ...Bd6).} Bc7 10. Bf4 Bxf4 11. gxf4 {[%emt 0:00:13] The position is equal.} Nbd7 {[%emt 0:00:04] [#]} 12. e3 $146 ({Predecessor:} 12. b4 Ne4 13. a4 b6 14. Ne5 Nxe5 15. fxe5 bxc5 16. bxc5 Nxc3 17. Qxc3 Ba6 18. Rfe1 Rab8 19. e3 Rb7 20. Rab1 Rfb8 21. Qc2 Bc4 {½-½ Smirnov,P (2568)-Kostenko,P (2421) Cheliabinsk Kurnosov Memorial rapid 2017 (6)}) 12... Ne4 13. Ne5 ({White should try} 13. Rfc1 $14) 13... Nxe5 $11 14. fxe5 Nxc3 15. Qxc3 f4 {[%emt 0:02:07] [#] White must now prevent ...f3.} 16. f3 Qh4 17. Qe1 Qg5 (17... Qxe1 {simplifies} 18. Rfxe1 fxe3 19. Rxe3 Rf4) 18. exf4 (18. e4 $11 {remains equal.}) 18... Qxf4 19. Rd1 b6 {[%emt 0:06:28] Against Qa5} 20. b4 bxc5 {[%emt 0:09:32] Black is more active.} (20... Ba6 {with more complications.} 21. Rf2 Bc4 22. Bh3 Rae8) 21. bxc5 Rb8 (21... Ba6 $5 22. Rf2 Qh6 $15) 22. Qd2 Qxd2 (22... Ba6 {is interesting.} 23. Rf2 h5 24. Bh3 Rbe8) 23. Rxd2 Rf4 24. Kf2 g5 25. Rc1 Rb4 26. Ke3 Ba6 27. Bf1 (27. Bh3 $11) 27... Bxf1 $17 28. Rxf1 {[%emt 0:00:40][%mdl 4096] Endgame KRR-KRR} Kg7 29. Rc1 {[%emt 0:04:37] [#]} (29. Rfd1 $17) 29... a5 $1 $19 30. Rcc2 Kg6 31. Rb2 $2 (31. Rd3 {was necessary.}) 31... Rfxd4 $1 {[%emt 0:01:33][%mdl 64] Deflection} 32. a3 $2 (32. Rxd4 Rxb2 33. h4) 32... Rxd2 {[%emt 0:01:45] Black is clearly winning.} 33. Rxd2 {[%emt 0:00:02] KR-KR} Rb3+ 34. Ke2 Kf5 35. Rd4 Rxa3 36. h4 h5 37. hxg5 Kxg5 38. Rd1 Kf4 39. Rh1 Re3+ {[%emt 0:01:17] Weighted Error Value: White=0.70/Black=0.08 (flawless)} 0-1

[Event "4NCL 2022-2023"]
[Site "Daventry"]
[Date "2023.02.11"]
[Round "5.25"]
[White "Jones, Gawain C B"]
[Black "Fernandez, Daniel Howard"]
[Result "1-0"]
[ECO "A10"]
[WhiteElo "2617"]
[BlackElo "2481"]
[Annotator "TA"]
[PlyCount "113"]
[EventDate "2022.10.20"]
[EventType "team-tourn"]
[EventCountry "ENG"]
[SourceTitle "playchess.com"]
[Source "ChessBase"]
[SourceQuality "1"]
[TimeControl "40/6000+30:2400+30"]

1. c4 b6 2. Nc3 f5 3. d4 e6 4. g3 Bb7 5. d5 Bb4 6. Bg2 {[%emt 0:04:47] A10: English Opening: Unusual Replies for Black.} Nf6 7. Nh3 {[%emt 0:03:57] [#]} h6 $146 ({Predecessor:} 7... O-O 8. O-O Qe7 9. d6 {1-0 Menezes,C (2398)-Danner,L (2086) Niederoesterreich Landesliga 1617 2016 (10.1)}) 8. Qb3 {[%emt 0:03:54] White is slightly better.} a5 9. O-O e5 10. e4 fxe4 11. Nxe4 Na6 12. a3 Bc5 13. Nxc5 Nxc5 14. Qc3 d6 15. f4 e4 16. Be3 O-O 17. Nf2 {[%emt 0:01:01] White is more active.} Re8 (17... a4 $142) 18. Rae1 c6 19. dxc6 Bxc6 20. b4 axb4 21. axb4 Ncd7 (21... Na4 $16 22. Qb3 d5) 22. Rd1 Qc7 23. Rd4 Ra2 24. Rfd1 {[%emt 0:05:16] And now b5 would win.} Rea8 25. Rxd6 {[%emt 0:02:55] [#] Threatens to win with Qd4.} R8a3 26. Qd4 {[%emt 0:00:09] Hoping for b5. Chess con chili.} Re2 $2 {[%emt 0:01:02] A mistake that costs the game.} (26... Ba4 $16 27. Re1 Rxf2 28. Bxf2 Rd3) 27. b5 $1 $18 (27. Bxe4 $2 Bxe4 28. Nxe4 Raxe3 29. Rxf6 Nxf6 30. Nxf6+ gxf6 31. Qxf6 Qh7 32. Rd8+ Re8 33. Rxe8+ Rxe8 $19) 27... Ba8 {[%emt 0:01:10] [#]} (27... Bb7) 28. Ng4 $1 {[%emt 0:00:49][%mdl 576] Deflection} Rd3 29. Nxf6+ Nxf6 30. Rd8+ (30. Qxb6 Rxd6 31. Qxd6 (31. Qxc7 $2 Rxd1+ 32. Bf1 Rxe3 $19) (31. Rxd6 Qxc4 32. h3 Bd5 $15) 31... Qxd6 32. Rxd6 Rxe3 $18) 30... Kf7 31. Rxd3 exd3 32. Rxa8 {[%emt 0:01:42] Bd5+ is the strong threat.} (32. Bxa8 Rxe3 33. Bd5+ Ke7 34. Qxe3+ Kxd8 $18) 32... Rxg2+ 33. Kxg2 Qb7+ 34. Kg1 Qxa8 35. Qxd3 {[%emt 0:00:11][%mdl 4096] Endgame KQB-KQN} (35. Qxb6 Qa1+ 36. Kg2 Qa2+ 37. Kh3 Qe2 38. Qc7+ Kg8 39. Qd8+ (39. Qc8+ Kf7 $11) 39... Kf7 40. Qc7+ Kg8 41. Qd8+ (41. Qc8+ Kf7 $11) 41... Kf7 42. Qc7+ $11) 35... Qf3 36. Qd2 (36. Qd4 $6 Qe2 37. h3 (37. Qxb6 Qe1+ 38. Kg2 Qe2+ 39. Kh3 Qh5+ 40. Kg2 Qe2+ 41. Kg1 Qe1+ 42. Kg2 Qe2+ $11) 37... Qf3 $18) 36... Qe4 37. Qd4 {[%emt 0:01:39] aiming for Qxe4.} (37. Bxb6 Qb1+ 38. Kg2 Qe4+ 39. Kf1 Qxc4+ 40. Qe2 Qd5 $18) 37... Qb1+ 38. Kg2 h5 39. h3 (39. Qxb6 Qc2+ 40. Bf2 Qe4+ 41. Kh3 Qf5+ 42. Kg2 Qe4+ 43. Kh3 Qf5+ 44. Kg2 Qe4+ $11) 39... h4 40. g4 ({Weaker is} 40. gxh4 Qg6+ 41. Kf1 Qb1+ 42. Ke2 Qc2+ 43. Bd2 Qa4 $18) (40. Qxb6 Qe4+ 41. Kf2 Qc2+ 42. Kf1 Qd3+ 43. Kg2 (43. Kg1 Qb1+ 44. Kg2 Qe4+ 45. Kg1 Qb1+ 46. Kg2 $11) 43... Qe4+ 44. Kh2 Qc2+ 45. Bf2 Ne4 $11) 40... Qc2+ 41. Bf2 Ne4 42. Qxb6 (42. Qd7+ $142 Kf8 43. Qd8+ Kf7 44. Qxh4) 42... Qxc4 $2 (42... Nxf2 43. Qxf2 Qxc4) 43. Bxh4 Nd2 44. Qf2 {[%emt 0:05:22] Prevents Qf1+} Qe4+ 45. Kh2 Nf3+ (45... Qd3 46. Bg5 Nf1+ 47. Kg1 Nd2) 46. Kg3 Ne1 47. Qd2 Qh1 48. Kf2 Qxh3 49. Qd5+ Kf8 50. Qd8+ Kf7 51. Qe7+ Kg8 52. Kxe1 Qh1+ 53. Kf2 Qh2+ 54. Ke3 Qg1+ 55. Bf2 Qc1+ 56. Kf3 Qa3+ 57. Qxa3 {[%emt 0:00:12] Excellently played by Jones!   Weighted Error Value: White=0.20 (precise) /Black=0.47} 1-0

[Event "4NCL 2022-2023"]
[Site "Daventry"]
[Date "2023.02.11"]
[Round "5.26"]
[White "Willow, Jonah B"]
[Black "Rowson, Jonathan"]
[Result "1-0"]
[ECO "B72"]
[WhiteElo "2437"]
[BlackElo "2547"]
[Annotator "TA"]
[PlyCount "91"]
[EventDate "2022.10.20"]
[EventType "team-tourn"]
[EventCountry "ENG"]
[SourceTitle "playchess.com"]
[Source "ChessBase"]
[SourceQuality "1"]
[TimeControl "40/6000+30:2400+30"]

1. e4 c5 2. Nf3 d6 3. d4 cxd4 4. Nxd4 Nf6 5. Nc3 a6 6. Bd3 g6 7. f3 Bg7 8. Be3 Nc6 {[%emt 0:11:50] B72: Sicilian Dragon: 6 Be3, lines with h3+Bc4 and sidelines.} 9. Qd2 {[%emt 0:03:58] [#]} Be6 $146 ({Predecessor:} 9... Bd7 10. O-O-O b5 11. Nxc6 Bxc6 12. Bh6 O-O 13. h4 b4 14. Ne2 Qa5 15. Kb1 Qc5 16. h5 {½-½ Demchenko,A (2640)-Sarana,A (2662) Chess.com Rapid Wk25 Swiss 2022 (7)}) 10. Nxe6 fxe6 {[%emt 0:00:07] White is slightly better.} 11. Bc4 d5 12. exd5 Na5 13. Be2 exd5 14. O-O-O e6 15. Bh6 ({White should play} 15. Kb1 $14) 15... Bxh6 $11 16. Qxh6 Kf7 {[%emt 0:00:09] [#]} (16... Qe7 $11 {remains equal.}) 17. Ne4 $1 $16 {[%emt 0:03:02][%mdl 576] Pin. White is more active.} Qf8 (17... Kg8 18. Qe3) 18. Ng5+ Ke7 $2 (18... Kg8 $16 19. Qxf8+ Rxf8) 19. Qh3 $18 Qc8 20. Rhe1 (20. f4 h6 21. Qa3+ Ke8 22. Qxa5 hxg5 23. fxg5 Ne4) 20... e5 (20... h6 $2 21. Nxe6 Kf7 22. Bd3 $18) 21. Qh6 Qf8 {[%emt 0:00:53] Against Qg7+} 22. Qh4 {[%emt 0:00:05] Black must now prevent Qb4+.} (22. Qh3 Qc8 $18) 22... Nc6 {[%emt 0:01:50] Against Qb4+} 23. f4 $1 {[%emt 0:01:40] Strongly threatening fxe5.} (23. Qh3 Qc8 $14) 23... e4 24. Qh3 Qc8 25. Qa3+ (25. Qc3 Qc7 $14) 25... Ke8 26. g4 {[%emt 0:15:59][%cal Oe2c4] Wards off Qf5. Hoping for Bc4!} h6 {[%emt 0:02:03] [#]} (26... Ne7 {was called for.}) 27. Nh3 ({Worse is} 27. Qd6 Qd8 28. Qxd8+ (28. Qe6+ Qe7 $15) 28... Nxd8 $11) (27. Nxe4 $1 $18 dxe4 28. Rd6) 27... Kf7 (27... Nxg4 $2 28. Qd6 Ne3 29. Bh5 (29. Qxg6+ Ke7 $16) 29... gxh5 30. Rxe3 (30. Qg6+ Ke7 $16)) (27... Qd7 $16) 28. g5 hxg5 29. Nxg5+ Kg7 30. h3 Re8 {[%emt 0:08:44] [#]} 31. Qc3 (31. Kb1 $1 $18) 31... Ne7 $14 32. Qb3 {[%emt 0:01:35][%cal Oe2g4] Bg4! is the strong threat.} b5 33. Bg4 Nf5 $1 $132 {[%emt 0:01:59][%mdl 2048] Black is not keeping still} (33... Nxg4 $2 34. hxg4 Qc4 35. Ne6+ (35. Qh3 Rh8 $14) 35... Kf6 36. Qxc4 bxc4 37. Nc7 $18) 34. Rxd5 Nxd5 35. Qxd5 {[%emt 0:00:02] Qf7+ would kill now.} Re7 {[%emt 0:04:41] Wards off Qf7+} (35... Ra7 $11) 36. Rxe4 $18 ({Not} 36. Nxe4 Rb8 $15) 36... Raa7 (36... Qb7 37. Rxe7+ Qxe7) 37. Ne6+ Kh6 38. Bxf5 gxf5 {[%emt 0:00:25] Black is weak on the dark squares} 39. Qxf5 {[%emt 0:00:06] Intending Qg5+ and mate.} Qg8 40. Qf6+ Qg6 41. Qh4+ Qh5 42. f5 {[%emt 0:02:07] White wants to mate with Qf6+.} Rad7 43. Qf6+ {[%emt 0:00:44] White mates.} Kh7 44. Rg4 (44. Rh4 $2 Rd1#) 44... Qh6+ 45. Qxh6+ {[%emt 0:00:00][%mdl 64] Remove Defender} Kxh6 46. Rh4# {[%emt 0:00:00] A superb game by Willow.   Weighted Error Value: White=0.21 (precise) /Black=0.48} 1-0